 Dungeon Crawl Stone Soup version 0.31-a0-441-g867994ef1c (webtiles) character file.

Game seed: 18204602466805943753

39 Xavori the Insei (level 3, -1/23 HPs)
             Began as an Octopode Chaos Knight on Aug 2, 2023.
             Was a Plaything of Xom.
             Succumbed to a goblin's poison
             ... on level 2 of the Dungeon.
             The game lasted 00:02:04 (7418 turns).

Xavori the Insei (Octopode Chaos Knight)            Turns: 7418, Time: 00:02:05

Health: -1/23      AC:  5    Str: 12    XL:     3   Next: 45%
Magic:  3/3        EV: 13    Int: 20    God:    Xom [....*.]
Gold:   71         SH:  0    Dex: 14    Spells: 2/2 levels left

rFire   + +          .
                       - Unarmed
rCold   + . .        (no shield)
rNeg    . . .        (helmet restricted)
rPois   .            (no amulet)
rElec   .            (no ring)
rCorr   .            (no ring)
SInv    .            (no ring)
Will    .....        (no ring)
Stlth   ++           (no ring)
HPRegen 0.00/turn    (no ring)
MPRegen 0.08/turn    (no ring)
                     (no ring)

%: no passive effects
@: brilliant, lethally poisoned (-1 -> -22), inhibited regen
A: almost no armour, amphibious, 8 rings, camouflage 1, gelatinous body 1,
(nimble swimmer 1), tentacles, antennae 1, iridescent scales 2, agile 1, clever
2, cold resistance 1, fire resistance 2, frail 1, high MP 1, inhibited
regeneration, strong 1, MP-powered wands
a: Renounce Religion


You were on level 2 of the Dungeon.
You worshipped Xom.
You were a beloved toy of Xom.
You visited 1 branch of the dungeon, and saw 2 of its levels.

You collected 71 gold pieces.

Inventory:

Jewellery
 c - a ring of ice
 g - a +5 ring of evasion
Scrolls
 a - a scroll of butterflies
 d - a scroll of identify {unknown}
 e - 2 scrolls of amnesia {unknown}
 f - a scroll of blinking {unknown}
 h - 3 scrolls of revelation {unknown}
Miscellaneous
 i - a condenser vane


   Skills:
 + Level 3.5 Fighting
 + Level 2.5 Dodging
 + Level 0.2 Stealth
 + Level 3.8 Unarmed Combat


You had 2 spell levels left.
You didn't know any spells.
Your spell library contained the following spells:

 Spells                   Type           Power      Damage    Failure   Level
 Magic Dart               Conj           0%         1d3       19%         1
 Searing Ray              Conj           0%         2d4       28%         2
 Fulminant Prism          Conj/Hex       0%         3d5       88%         4


Dungeon Overview and Level Annotations

Branches:
Dungeon (2/15)

Altars:

Shops:
D:1 (


Innate Abilities, Weirdness & Mutations

You cannot wear most types of armour.
You are amphibious.
You can wear up to eight rings at the same time.
Your skin changes colour to match your surroundings (Stealth+).
Your rubbery body absorbs attacks. (AC +1, EV +1)
((You are camouflaged when in or above water. (Stealth+)))
You have tentacles for arms and can constrict up to eight enemies at once.
You have a pair of small antennae on your head.
You are mostly covered in iridescent scales. (AC +4)
You are agile. (Dex +4, Str/Int -1)
Your mind is very acute. (Int +8, Str/Dex -2)
Your flesh is cold resistant. (rC+)
Your flesh is very heat resistant. (rF++)
You are frail. (-10% HP)
You have an increased reservoir of magic. (+10% MP)
You do not regenerate when monsters are visible.
Your muscles are strong. (Str +4, Int/Dex -1)
You expend magic power (3 MP) to strengthen your wands.


Message History

You start waiting. "Let me alter your pitiful body."
Your body is suffused with distortional energy.
Iridescent scales spread over more of your body.
A pair of antennae grows on your head!
You feel clever.
You feel stronger.
You start waiting.
Done waiting.
You start waiting.
You are now a beloved toy of Xom.
You climb downwards.
There is a stone staircase leading up here.
The ball python barely misses you. The ball python completely misses you.
You tentacle-slap the ball python.
You kill the ball python!
No target in view!
No target in view!
There is a stone staircase leading up here.
Found a club.
No target in view!
Found a longbow.
No target in view!
Found a blade talisman.
No target in view!
A goblin comes into view.
It is wielding the +10 war axe of Tiokiuss {venom, Str+2 Int+5} and wearing a +0 ring mail of positive energy.
The goblin hits you with the +10 war axe of Tiokiuss {venom, Str+2 Int+5}!
Ouch! That really hurt!
A shower of butterflies erupts from you!
You are lethally poisoned!
You are too injured to fight recklessly!
You swap places.
* * * LOW HITPOINT WARNING * * *
You feel very sick.
The goblin unwields the +10 war axe of Tiokiuss {venom, Str+2 Int+5}.
It stops dripping with poison.
The goblin wields a +0 sling.
The goblin shoots a sling bullet.
The sling bullet hits you but does no damage.
It was a potion of brilliance.
You feel clever all of a sudden.
You die...
Xom roars with laughter!

##### ...# #...
..# #g# ###.##.#
##.@....#
#.##bb◎.#
#######.##.#..#
#...<.......)..#
#....##.[..#.#.#
#.##.#..#....#..#
#.##†#........#.#
#.##.#...).####
#.##.##....#


You could see a goblin (ally target).

Vanquished Creatures
  2 dart slugs (D:1)
  A bat (D:1)
  7 endoplasms (D:1)
  2 hobgoblins (D:1)
  4 jackals (D:1)
  4 kobolds (D:1)
  2 quokkas (D:1)
  3 ball pythons
  A frilled lizard (D:1)
  A goblin (D:1)
  3 rats (D:1)
30 creatures vanquished.

Notes
Turn   | Place    | Note
-------+----------+-------------------------------------------
     0 | D:1      | Xavori the Octopode Chaos Knight began the quest for the
                  | Orb.
     0 | D:1      | Reached XP level 1. HP: 16/16 MP: 1/1
   199 | D:1      | Reached XP level 2. HP: 15/21 MP: 2/2
   209 | D:1      | Found Peacsiv's Weapon Boutique.
   310 | D:1      | XOM: 1-stop teleportation journey
   350 | D:1      | Reached XP level 3. HP: 26/26 MP: 3/3
   686 | D:1      | XOM: give mutations
   686 | D:1      | Gained mutation: Your flesh is cold resistant. (rC+) [Xom's
                  | mischief]
   686 | D:1      | Gained mutation: You do not regenerate when monsters are
                  | visible. [Xom's mischief]
   686 | D:1      | Gained mutation: You are weak. (Str -2) [Xom's mischief]
   686 | D:1      | Gained mutation: You expend magic power (3 MP) to
                  | strengthen your wands. [Xom's mischief]
  1244 | D:1      | XOM is BORED!
  1753 | D:1      | XOM: give mutations
  1753 | D:1      | Lost mutation: You are weak. (Str -2) [Xom's grace]
  1753 | D:1      | Gained mutation: Your mind is acute. (Int +4, Str/Dex -1)
                  | [Xom's grace]
  1780 | D:1      | XOM: god gift: condenser vane
  2051 | D:1      | XOM: god gift: plate armour {god gift}
  2442 | D:1      | XOM: god gift: 13 gold pieces
  3046 | D:1      | XOM: silly message
  3323 | D:1      | XOM: give mutations
  3323 | D:1      | Gained mutation: You are agile. (Dex +4, Str/Int -1) [Xom's
                  | mischief]
  3323 | D:1      | Gained mutation: You are partially covered in iridescent
                  | scales. (AC +2) [Xom's mischief]
  3388 | D:1      | XOM: scenery: summon butterflies
  3650 | D:1      | XOM: summons 2 hostile demons
  4432 | D:1      | XOM: god gift: 40 gold pieces
  4893 | D:1      | XOM: noise
  5952 | D:1      | XOM: silly message
  6016 | D:1      | XOM: summons 2 hostile demons
  6225 | D:2      | XOM: give mutations
  6225 | D:2      | Gained mutation: You are frail. (-10% HP) [Xom's mischief]
  6225 | D:2      | Gained mutation: You have an increased reservoir of magic.
                  | (+10% MP) [Xom's mischief]
  6225 | D:2      | Gained mutation: Your flesh is heat resistant. (rF+) [Xom's
                  | mischief]
  6225 | D:2      | Gained mutation: Your flesh is very heat resistant. (rF++)
                  | [Xom's mischief]
  6280 | D:2      | XOM: summons 2 hostile demons
  6466 | D:1      | XOM: summons 4 hostile shadow creatures
  6614 | D:1      | XOM is BORED!
  6958 | D:1      | XOM: 1-stop teleportation journey
  7224 | D:1      | XOM: give mutations
  7224 | D:1      | Gained mutation: You are mostly covered in iridescent
                  | scales. (AC +4) [Xom's grace]
  7224 | D:1      | Gained mutation: You have a pair of small antennae on your
                  | head. [Xom's grace]
  7224 | D:1      | Gained mutation: Your mind is very acute. (Int +8, Str/Dex
                  | -2) [Xom's grace]
  7224 | D:1      | Gained mutation: Your muscles are strong. (Str +4, Int/Dex
                  | -1) [Xom's grace]
  7415 | D:2      | Identified the +10 war axe of Tiokiuss {venom, Str+2 Int+5}
  7416 | D:2      | XOM: butterfly on damage
  7418 | D:2      | Succumbed to a goblin's poison

Illustrated notes

Levels and vault maps discovered:
D:1:      lemuel_arrival_broad_hall, layout_basic, serial_shops, shop
D:2:      layout_basic, ebering_ecumenical_altar_webs, glass_columns_b,
          uniq_sigmund

Action                     || total
---------------------------++-------
  Melee: Unarmed           ||    70
         Constrict         ||    18
         Tentacles         ||    13
         Punch             ||     3
    Use: Potion            ||     1
   Stab: Sleeping          ||     1
 Armour: Skin              ||    14
  Dodge: Dodged            ||    52

Table legend: (Time is in decaauts)
 A = Elapsed time spent in this place.
 B = Non-inter-level travel time spent in this place.
 C = Inter-level travel time spent in this place.
 D = Time resting spent in this place.
 E = Time spent auto-exploring this place.
 F = Levels seen in this place.
 G = Mean time per level.
                   A        B        C        D        E       F      G
               +--------+--------+--------+--------+--------+-----+--------+
         Total |   7418 |   7381 |     37 |   6881 |    312 |   2 | 3709.0 |
       Dungeon |   7418 |   7381 |     37 |   6881 |    312 |   2 | 3709.0 |
               +--------+--------+--------+--------+--------+-----+--------+

Top non-repeatable levels by time:
     D:1: 6806 daAuts
     D:2: 611 daAuts
